 Dungeon Crawl Stone Soup version 0.29.0-13-gc9e81de378 (webtiles) character file.

Game seed: 17138360947975806477

35 freelancePsychic the Cudgeller (level 3, -1/30 HPs)
             Began as a Meteoran Gladiator on Sept 11, 2022.
             Slain by a gnoll
             ... wielding a +0 whip
              (4 damage)
             ... on level 2 of the Dungeon.
             The game lasted 00:01:47 (280 turns).

freelancePsychic the Cudgeller (Meteoran Gladiator)  Turns: 280, Time: 00:01:47

Health: -1/30      AC:  8    Str: 17    XL:     3   Next: 79%
Magic:  4/4        EV: 12    Int: 10    God:
Gold:   23         SH:  0    Dex: 15    Spells: 2/2 levels left

rFire   . . .      SeeInvis .   a - +0 flail
rCold   . . .      Faith    .   (no shield)
rNeg    . . .      Spirit   .   g - +0 ring mail
rPois   .          Reflect  .   c - +2 helmet
rElec   .          Harm     .   (no cloak)
rCorr   .          Rampage  .   (no gloves)
Will    .....                   (no boots)
Stlth   +.........              (no amulet)
HPRegen 0.10/turn               (no ring)
MPRegen 0.09/turn               (no ring)

@: glowing
A: sense surroundings 1, otherworldly, glowing, explore regen
a: no special abilities


You were on level 2 of the Dungeon.
You visited 1 branch of the dungeon, and saw 3 of its levels.

You collected 23 gold pieces.

Inventory:

Hand Weapons
 a - a +0 flail (weapon)
Missiles
 d - 3 throwing nets (quivered)
 e - a javelin
Armour
 b - a +0 leather armour
 c - a +2 helmet (worn)
 g - a +0 ring mail (worn)
Potions
 f - a potion of flight {unknown}
 h - a potion of mutation {unknown}
 i - a potion of degeneration {unknown}


   Skills:
 + Level 2.9 Fighting
 * Level 5.3 Maces & Flails
 - Level 2.4 Throwing
 - Level 3.6 Dodging


You had 2 spell levels left.
You didn't know any spells.
Your spell library was empty.

Dungeon Overview and Level Annotations

Branches:
Dungeon (3/15) Zot: 1506

Altars:

Shops:
D:2 (

Annotations:
D:3 Robin


Innate Abilities, Weirdness & Mutations

You passively map a small area around you.
You are easily found by Zot.
You glow in the dark.
You regain HP and MP as you explore.


Message History

The gnoll moves out of view.
You sock the giant cockroach!
You kill the giant cockroach!
A gnoll comes into view. It is wielding a +0 whip.
The gnoll shouts!
You hear a shout!
A hobgoblin and a gnoll come into view.
The hobgoblin shouts!
The gnoll shouts!
You hear a shout!
A goblin comes into view. It is wielding a +0 club.
The goblin shouts!
You hit the gnoll.
The gnoll is lightly wounded.
The gnoll hits you with a +0 whip.
A goblin comes into view. It is wielding a +0 dagger.
You sock the gnoll!
The gnoll is severely wounded.
The gnoll hits you with a +0 whip.
Robin of the Strong Arm comes into view.
They are wielding a +0 falchion.
You hit the gnoll.
You kill the gnoll!
You barely miss the gnoll. The gnoll barely misses you.
You hit the gnoll.
The gnoll is lightly wounded.
The gnoll hits you but does no damage.
The gnoll hits you from afar with a +0 spear.
You barely miss the gnoll.
The gnoll is lightly wounded.
The gnoll barely misses you. x2
The gnoll attacks as you move away! The gnoll hits you with a +0 whip.
There is a stone staircase leading up here.
The gnoll hits you with a +0 whip!
The gnoll hits you from afar with a +0 spear!
* * * LOW HITPOINT WARNING * * *
You climb upwards.
There is a stone staircase leading down here.
You hit the gnoll.
The gnoll is heavily wounded.
The gnoll hits you with a +0 whip.
* * * LOW HITPOINT WARNING * * *
The gnoll hits you with a +0 whip.
You die...

, .... ,.# ,, ....
#..#, * ,,, #..# , + ,
#..# * , ,* ... *, ...#
.. , #.##* ,** , ...#
.#######+#.. * ,
...###. .......g$####*
...##.. ........@'..# ,
...##.#######....##.##
...##.##...............
#####.##.###...#..#.###
......##.###..........
.....................##
.....###.###.........#
* .....#
#......(........ ∩....#
................ *


You could see a gnoll.

Vanquished Creatures
  An adder (D:2)
  A gnoll (D:3)
  A bat (D:1)
  2 giant cockroaches
  3 hobgoblins
  A quokka (D:1)
  3 frilled lizards (D:1)
  3 goblins (D:1)
  A rat (D:1)
16 creatures vanquished.

Vanquished Creatures (others)
  7 plants (D:2)
7 creatures vanquished.

Grand Total: 23 creatures vanquished

Notes
Turn   | Place    | Note
-------+----------+-------------------------------------------
     0 | D:1      | freelancePsychic the Meteoran Gladiator began the quest for
                  | the Orb.
     0 | D:1      | Reached XP level 1. HP: 17/17 MP: 2/2
    59 | D:1      | Reached XP level 2. HP: 10/25 MP: 3/3
   176 | D:2      | Reached skill level 5 in Maces & Flails
   176 | D:2      | Reached XP level 3. HP: 30/30 MP: 4/4
   216 | D:2      | Found Moinka's Antique Weapon Shop.
   266 | D:3      | Noticed Robin
   280 | D:2      | Slain by a gnoll

Illustrated notes

Levels and vault maps discovered:
D:1:      dpeg_arrival_orchard, layout_basic
D:2:      layout_basic, serial_shops, shop, shop, serial_bayou,
          serial_bayou_shore_b, serial_bayou_shore_b, serial_bayou_ford_a,
          serial_bayou_crossing, serial_bayou_shore_b, serial_bayou_lake_a,
          shapermc_ecumenical_altar_mp_urbaneastern
D:3:      layout_basic, uniq_robin

Skill      XL: |  1  2 |
---------------+-------+-----
Maces & Flails | 5 |  5.3
Fighting       | |  2.9
Throwing       | |  2.4
Dodging        | |  3.6

Action                   || total
-------------------------++-------
Melee: Flail             ||    72
       Punch             ||     1
  Use: Scroll            ||     4
Armor: Leather armour    ||    15
       Ring mail         ||     5
Dodge: Dodged            ||    52
